 Dungeon Crawl Stone Soup version 0.30-a0-509-gd016549fea (webtiles) character file.

Game seed: 13318285004050832862

1915 zishaf the Zephyrmancer (level 9, -6/55 HPs)
             Began as a Tengu Air Elementalist on Dec 22, 2022.
             Was a Follower of Vehumet.
             Mangled by a shadow (22 damage)
             ... on level 6 of the Dungeon.
             The game lasted 00:10:36 (7134 turns).

zishaf the Zephyrmancer (Tengu Air Elementalist)    Turns: 7134, Time: 00:10:36

Health: -6/55      AC:  7    Str: 10    XL:     9   Next: 16%
Magic:  1/15       EV: 14    Int: 25    God:    Vehumet [*.....]
Gold:   315        SH:  0    Dex: 14    Spells: 8/15 levels left

rFire   . . .      SeeInvis .    h - +0 dagger (holy)
rCold   . . .      Faith    .    (no shield)
rNeg    . . .      Spirit   .    q - +2 leather armour {rPois}
rPois   +          Reflect  .    m - +1 hat
rElec   .          Harm     .    x - +0 cloak
rCorr   .          Rampage  .    (no gloves)
Will    .....                    (boots unavailable)
Stlth   ++........               (no amulet)
HPRegen 0.29/turn                e - +6 ring of intelligence
MPRegen 0.14/turn                w - ring of wizardry

@: flying quickly and evasively, quick
A: beak, talons 3, nimble flight
a: Renounce Religion


You were on level 6 of the Dungeon.
You worshipped Vehumet.
Vehumet was aware of your devotion.
You visited 2 branches of the dungeon, and saw 7 of its levels.
You also visited: Sewer.

You collected 315 gold pieces.

Inventory:

Hand Weapons
 h - a +0 dagger of holy wrath (weapon)
 y - a +2 rapier of protection
Armour
 a - a +0 robe
 m - a +1 hat (worn)
 q - a +2 leather armour of poison resistance (worn)
 x - a +0 cloak (worn)
Jewellery
 e - a +6 ring of intelligence (left hand)
 w - a ring of wizardry (right hand)
Wands
 p - a wand of charming (7)
 v - a wand of digging (9)
Scrolls
 c - a scroll of blinking
 j - a scroll of magic mapping
 k - a scroll of vulnerability
 r - 5 scrolls of teleportation
Potions
 b - 2 potions of magic
 d - 3 potions of heal wounds
 f - a potion of curing
 n - a potion of cancellation
 s - 2 potions of lignification
 t - a potion of berserk rage


   Skills:
 + Level 6.2 Fighting
 - Level 2.1 Dodging
 - Level 2.0 Stealth
 + Level 3.7 Spellcasting
 + Level 8.4 Conjurations
 + Level 9.3 Air Magic


You had 8 spell levels left.
You knew the following spells:

 Your Spells              Type           Power      Damage    Failure   Level
a - Shock                 Conj/Air       100%       1d9       1%          1
b - Airstrike             Air            25%        2d(4-20)  1%          4
A - Static Discharge      Conj/Air       98%        2-7/arc   1%          2

Your spell library contained the following spells:

 Spells                   Type           Power      Damage    Failure   Level
 Magic Dart               Conj           100%       1d8       1%          1
 Swiftness                Air            51%        N/A       1%          3
 Stone Arrow              Conj/Erth      50%        3d10      2%          3
 Necrotise                Necr           16%        1d4       5%          1
 Slow                     Hex            16%        N/A       5%          1
 Sublimation of Blood     Necr           4%         N/A       8%          2
 Wereblood                Tmut           4%         N/A       8%          2
 Confusing Touch          Hex            4%         N/A       16%         3
 Inner Flame              Hex/Fire       4%         N/A       16%         3
 Vampiric Draining        Necr           4%         2d6       16%         3
 Animate Armour           Summ/Erth      8%         N/A       43%         4
 Cause Fear               Hex            2%         N/A       43%         4
 Agony                    Necr           4%         N/A       77%         5
 Summon Hydra             Summ           2%         N/A       100%        7
 Discord                  Hex            2%         N/A       100%        8
 Lehudib's Crystal Spear  Conj/Erth      12%        10d4      100%        8


Dungeon Overview and Level Annotations

Branches:
Dungeon (6/15)             Temple (1/1) D:4           Sewer (visited)

Altars:
Cheibriados
Fedhas
Gozag
Hepliaklqana
Kikubaaqudgha
Makhleb
Nemelex Xobeh
Okawaru
Qazlal
Trog
Uskayaw
Vehumet
Wu Jian
Xom
Yredelemnul
The Shining One

Annotations:
D:4 2 transporters, Bobbunny's ghost, amateur OgBe


Innate Abilities, Weirdness & Mutations

You have a beak for a mouth.
You have claws for feet.
Your magical nature lets you fly swiftly and evasively.


Message History

The lightning grounds out.
The water moccasin misses you. The water moccasin closely misses you.
The water moccasin bites you.
Casting: Static Discharge (safe; 1% risk of failure)
Confirm with . or Enter, or press ? or * to list all spells.
The water moccasin is struck by an arc of lightning.
You kill the water moccasin!
Vehumet accepts your kill.
The water moccasin is struck by an arc of lightning.
The water moccasin is moderately wounded.
You are struck by an arc of lightning.
The water moccasin is struck by an arc of lightning.
The water moccasin is heavily wounded.
The lightning grounds out.
The water moccasin barely misses you.
Casting: Static Discharge (safe; 1% risk of failure)
Confirm with . or Enter, or press ? or * to list all spells.
The water moccasin is struck by an arc of lightning.
The water moccasin is severely wounded.
The gnoll bouda is struck by an arc of lightning!
The gnoll bouda is moderately wounded.
The water moccasin is struck by an arc of lightning!
The water moccasin is almost dead.
The gnoll bouda is struck by an arc of lightning.
The gnoll bouda is heavily wounded.
You are struck by an arc of lightning.
The lightning grounds out.
The gnoll bouda is struck by an arc of lightning.
The gnoll bouda is almost dead.
The water moccasin is struck by an arc of lightning.
You kill the water moccasin!
Vehumet accepts your kill.
The gnoll bouda is struck by an arc of lightning.
You kill the gnoll bouda!
Vehumet accepts your kill.
You are struck by an arc of lightning.
* * * LOW HITPOINT WARNING * * *
The lightning grounds out.
The shadow slips into darkness.
The shadow flickers and vanishes!
Deactivating autopickup; reactivate with Ctrl-A.
The shadow strikes at you from the darkness!
You die...

####### ..
#########.....# ...
#.........)##.### ..##
##...[†.....# ....
##.#####.###.### #..
#.##!.!##......##
#..##@#!.!..'.####..#
#..#.#.!..)###.[##.#
######...#.).).##?!..#)#
......#..##:..'#'[$$.#.#
#####.....#####.##..##†#
##....(...#'#####..#
##....<.##.##....##
#......#.$$#.####
#......##)##.#


There were no monsters in sight!

Vanquished Creatures
  Grinder (D:3)
  2 water moccasins (D:6)
  An ice beast (D:6)
  2 black bears
  A sky beast (D:6)
  An ogre (D:4)
  2 kobold brigands
  A phantom (D:4)
  A scorpion (D:6)
  A wight (D:6)
  2 gnoll boudas
  4 hounds
  An orc priest (D:3)
  Ijyb (D:3)
  3 iguanas
  Natasha (D:3)
  2 orc wizards
  A merfolk siren (Sewer)
  A merfolk avatar (Sewer)
  6 gnolls
  4 adders
  3 river rats
  A shadow imp (D:6)
  2 ufetubi
  6 worms
  5 dart slugs
  10 orcs
  17 ball pythons
  9 endoplasms
  4 giant cockroaches
  9 goblins
  9 hobgoblins
  2 jackals (D:4)
  7 quokkas
  7 bats
  7 frilled lizards
  8 kobolds
  27 rats
172 creatures vanquished.

Notes
Turn   | Place    | Note
-------+----------+-------------------------------------------
     0 | D:1      | zishaf the Tengu Air Elementalist began the quest for the
                  | Orb.
     0 | D:1      | Reached XP level 1. HP: 10/10 MP: 4/4
   132 | D:1      | Reached XP level 2. HP: 16/16 MP: 3/6
   421 | D:1      | Reached skill level 1 in Fighting
   703 | D:1      | Reached XP level 3. HP: 20/20 MP: 0/7
   706 | D:1      | Learned a level 2 spell: Static Discharge
  1874 | D:2      | Reached XP level 4. HP: 26/26 MP: 6/8
  2065 | D:2      | Found a blossoming altar of Fedhas.
  2353 | D:2      | Reached skill level 5 in Air Magic
  2859 | D:3      | Noticed Ijyb
  2866 | D:3      | Killed Ijyb
  2867 | D:3      | Gained mutation: Your magical nature lets you fly swiftly
                  | and evasively. [Tengu growth]
  2867 | D:3      | Reached XP level 5. HP: 8/31 MP: 0/9
  2964 | D:3      | Noticed Natasha
  2972 | D:3      | Killed Natasha
  3080 | D:3      | Found a bloodstained altar of Trog.
  3092 | D:3      | Noticed Grinder
  3098 | D:3      | Paralysed by Grinder for 3 turns
  3109 | D:3      | Killed Grinder
  3110 | D:3      | Reached skill level 5 in Conjurations
  3110 | D:3      | Reached skill level 6 in Air Magic
  3110 | D:3      | Reached XP level 6. HP: 30/37 MP: 3/10
  3499 | D:4      | Found a staircase to the Ecumenical Temple.
  3508 | Temple   | Entered the Ecumenical Temple
  3630 | D:4      | Found a glowing drain.
  3640 | D:4      | Reached XP level 7. HP: 38/42 MP: 1/11
  3656 | Sewer    | Entered a sewer
  4021 | Sewer    | Learned a level 4 spell: Airstrike
  4225 | Sewer    | Reached skill level 7 in Air Magic
  4742 | D:4      | Found a transporter.
  4742 | D:4      | Noticed Bobbunny's ghost (amateur OgBe)
  4748 | D:4      | Found a transporter.
  5618 | D:4      | Reached XP level 8. HP: 46/48 MP: 2/12
  5730 | D:5      | Entered Level 5 of the Dungeon
  5853 | D:5      | Reached skill level 5 in Fighting
  5853 | D:5      | Reached skill level 8 in Air Magic
  6031 | D:5      | Found a radiant altar of Vehumet.
  6035 | D:5      | Became a worshipper of Vehumet
  6603 | D:6      | Noticed a shadow
  7039 | D:6      | Reached skill level 9 in Air Magic
  7124 | D:6      | Reached * piety under Vehumet
  7124 | D:6      | Offered knowledge of Magic Dart by Vehumet.
  7125 | D:6      | Reached XP level 9. HP: 37/55 MP: 6/15
  7134 | D:6      | Mangled by a shadow

Illustrated notes

Levels and vault maps discovered:
D:1:      dpeg_arrival_arbitrary_c, layout_basic, lemuel_flame_loot_1
D:2:      layout_rooms, serial_aquarium, aquarium_bridge_square
          [aquarium_subvault_wall, aquarium_subvault_wall,
          aquarium_subvault_window, aquarium_subvault_bridge],
          aquarium_window_1, aquarium_window_2, aquarium_window_1,
          aquarium_window_fake, aquarium_view_2f, aquarium_view_2d, basic_altar,
          minmay_misc_feat_x, patterned_corridor
D:3:      layout_rooms, mainiacjoe_overflow_brackets, uniq_grinder,
          uniq_natasha, uniq_ijyb
D:4:      layout_basic, minmay_temple_entry_overgrown, portal_sewer_entry_a,
          gammafunk_ghost_arena, hangedman_minor_gate_pass
D:5:      layout_basic, kennysheep_mini_moat
D:6:      layout_rooms, lemuel_round_altar, minmay_joined_circles,
          uniq_eustachio
Temple:   dshaligram_water_room_temple

Skill      XL: |  1  2  3  4  5  6  7  8 |
---------------+-------------------------+-----
Conjurations   | 2 3 5 6 8 |  8.4
Fighting       | 1 2 3 4 6 |  6.2
Air Magic      | 5 6 7 9 |  9.3
Spellcasting   | 3 |  3.7
Dodging        | |  2.1
Stealth        | |  2.0

Action                   |  1- 3 |  4- 6 |  7- 9 || total
-------------------------+-------+-------+-------++-------
Melee: Unarmed           |     3 |       |       ||     3
       Kick              |     1 |     2 |     8 ||    11
       Dagger            |       |    15 |    18 ||    33
       Peck              |       |     2 |     5 ||     7
 Cast: Shock             |    77 |    61 |   184 ||   322
       Static Discharge  |       |    12 |    33 ||    45
       Airstrike         |       |       |     2 ||     2
  Use: Scroll            |       |     5 |     9 ||    14
 Stab: Sleeping          |       |     1 |       ||     1
Armor: Robe              |       |     1 |       ||     1
       Leather armour    |       |     4 |    21 ||    25
Dodge: Dodged            |     5 |    17 |    40 ||    62

Table legend: (Time is in decaauts)
 A = Elapsed time spent in this place.
 B = Non-inter-level travel time spent in this place.
 C = Inter-level travel time spent in this place.
 D = Time resting spent in this place.
 E = Time spent auto-exploring this place.
 F = Levels seen in this place.
 G = Mean time per level.
                   A        B        C        D        E       F      G
               +--------+--------+--------+--------+--------+-----+--------+
         Total |   6957 |   6845 |    112 |    509 |   5232 |   8 |  869.6 |
       Dungeon |   6037 |   5937 |    100 |    415 |   4602 |   6 | 1006.2 |
        Temple |     60 |     48 |     12 |      0 |      0 |   1 |   60.0 |
         Sewer |    859 |    859 |      0 |     94 |    629 |   1 |  859.0 |
               +--------+--------+--------+--------+--------+-----+--------+

Top non-repeatable levels by time:
     D:1: 1664 daAuts
     D:4: 1321 daAuts
     D:5: 1031 daAuts
     D:3: 946 daAuts
   Sewer: 859 daAuts
     D:2: 831 daAuts
     D:6: 244 daAuts
  Temple: 60 daAuts
